AoeStats
← GoldPhantom

Pilgrims

507980502Analyzed
4v4 RM · 13d ago on Sep 20, 2026· 44m 22s· 8 players
Game mode
Random Map
Map size
Large (8 player)
Population
200
Speed
Normal
Resources
Standard
Victory
Conquest
Starting age
Dark Age
Ending age
Imperial Age
RankedLock teamsTeams togetherTeam positionsShared explorationLock speedFull tech treeHidden civsTurbo modeCheats
Victory
Defeat
🇹🇼 Byzantines · Taiwan
919
+13
🇮🇳 Poles · India
897
+14
🇭🇰 Lithuanians · Hong Kong SAR China
839
+16
🇮🇳 Britons · India
835
+17
🇪🇸 Bulgarians · Spain
876
-16
🇵🇱 Huns · Poland
858
-15
🇹🇼 Dravidians · Taiwan
856
-15
🇫🇷 Khmer · France
816
-14
marin.nikolaev9
8:23 Loom
14:50 Feudal Age
15:44 Town Watch
17:05 Wheelbarrow
20:33 Castle Age
19:49 Forging
19:48 Scale Barding Armor
19:37 Double-Bit Axe
19:46 Gold Mining
21:55 Hand Cart
25:24 Hand Cart
24:42 Pikeman
42:12 Squires
41:59 Gambesons
42:01 Arson
42:16 Stirrups
MrFractal
10:13 Loom
12:24 Feudal Age
17:17 Castle Age
18:29 Double-Bit Axe
22:42 Bow Saw
22:13 Horse Collar
26:23 Murder Holes
26:40 Forging
26:36 Scale Barding Armor
26:39 Heavy Plow
27:49 Gold Mining
28:15 Town Watch
29:07 Wheelbarrow
29:15 Fletching
29:55 Stone Mining
30:41 Gold Shaft Mining
30:33 Husbandry
32:00 Chain Barding Armor
32:31 Bloodlines
33:37 Bodkin Arrow
34:18 Iron Casting
39:04 Imperial Age
36:01 Light Cavalry
37:40 Ballistics
37:31 Masonry
台灣大表哥
3:56 Loom
11:33 Feudal Age
12:00 Double-Bit Axe
11:58 Horse Collar
16:11 Fishing Lines
19:01 Castle Age
17:56 Forging
20:25 Gillnets
20:04 Light Cavalry
21:11 Husbandry
20:59 Man-at-Arms
21:48 Pikeman
22:27 Long Swordsman
23:12 Gambesons
24:52 Squires
25:15 Medium Warships
27:46 Sanctity
27:59 Bow Saw
27:53 Heavy Plow
27:50 Town Watch
30:04 Wheelbarrow
31:34 Arson
33:50 Elite Skirmisher
36:38 Scale Mail Armor
41:05 Hand Cart
41:37 Stone Mining
41:38 Gold Mining
CypresMarlin78
11:17 Feudal Age
9:53 Loom
16:24 Castle Age
14:13 Fishing Lines
15:49 Double-Bit Axe
17:02 Horse Collar
19:30 Heavy Plow
19:47 Bow Saw
22:53 Light Cavalry
23:35 Husbandry
31:45 Imperial Age
30:17 Pikeman
30:44 Arson
30:19 Man-at-Arms
31:03 Scale Mail Armor
31:14 Forging
31:48 Halberdier
33:42 Chain Mail Armor
34:03 Iron Casting
36:18 Blast Furnace
Lezionare
4:45 Loom
14:38 Feudal Age
17:27 Fletching
19:48 Castle Age
18:13 Forging
18:08 Scale Barding Armor
18:18 Scale Barding Armor
19:51 Wheelbarrow
19:32 Bloodlines
20:48 Husbandry
21:39 Stone Mining
21:39 Gold Mining
22:45 Chain Barding Armor
23:01 Iron Casting
32:20 Imperial Age
31:54 Hand Cart
32:59 Szlachta Privileges
34:25 Conscription
34:10 Cavalier
37:05 Blast Furnace
44:31 Double-Bit Axe
Bhramos
15:37 Feudal Age
16:02 Horse Collar
16:09 Double-Bit Axe
17:03 Wheelbarrow
16:14 Loom
26:57 Man-at-Arms
44:11 Castle Age
GoldPhantom
12:37 Feudal Age
11:00 Loom
13:09 Double-Bit Axe
19:43 Castle Age
18:19 Bloodlines
18:42 Horse Collar
18:55 Gold Mining
21:24 Wheelbarrow
23:29 Bow Saw
24:17 Husbandry
24:32 Heavy Plow
30:15 Forging
30:11 Scale Barding Armor
30:51 Hand Cart
30:21 Town Watch
31:05 Fervor
32:15 Stone Mining
33:28 Light Cavalry
35:39 Iron Casting
40:28 Imperial Age
38:49 Chain Barding Armor
38:20 Fletching
38:31 Padded Archer Armor
37:55 Elite Skirmisher
38:41 Thumb Ring
39:48 Caravan
41:11 Cavalier
42:47 Elite Leitis
43:47 Conscription
45:07 Plate Barding Armor
44:29 Bodkin Arrow
45:10 Ballistics
45:50 Chemistry
45:01 Masonry
44:32 Treadmill Crane
MessiahOVO
14:14 Feudal Age
17:04 Fletching
19:45 Castle Age
19:18 Double-Bit Axe
19:15 Horse Collar
19:21 Fishing Lines
19:50 Scale Barding Armor
19:56 Forging
20:42 Pikeman
25:19 Imperial Age
22:51 Gillnets
23:57 Bodkin Arrow
24:46 Ballistics
24:21 Gold Mining
25:18 Padded Archer Armor
25:35 Loom
26:26 Wheelbarrow
25:52 Elite Skirmisher
27:42 Conscription
31:00 Chemistry
30:27 Thumb Ring
30:27 Bracer
30:28 Scale Mail Armor
30:31 Treadmill Crane
33:12 Hand Cart
33:09 Bow Saw
33:01 Heavy Plow
34:23 Bombard Tower
35:56 Squires
35:42 Gambesons
36:28 Chain Mail Armor
39:28 Plate Mail Armor
39:14 Leather Archer Armor
42:18 Ring Archer Armor
42:24 Iron Casting
Connection lost

Rejoining the realm…

Still unreachable

The connection could not be restored.

Session expired

The server has moved on; the page needs a fresh start.